 Dungeon Crawl Stone Soup version 0.29-a0-878-g7b45a56547 (webtiles) character file.

Game seed: 13262779221533533925

779 27snakeeyes612 the Magician (level 7, -2/36 HPs)
             Began as a Deep Elf Air Elementalist on July 20, 2022.
             Killed from afar by Blork the orc (10 damage)
             ... with a puff of flame
             ... on level 5 of the Dungeon.
             The game lasted 00:04:09 (5609 turns).

27snakeeyes612 the Magician (DEAE)                  Turns: 5609, Time: 00:04:10

Health: -2/36      AC:  4    Str:  5    XL:     7   Next: 54%
Magic:  2/17       EV: 14    Int: 22    God:
Gold:   177        SH:  0    Dex: 15    Spells: 16/17 levels left

rFire   . . .      SeeInvis .   (no weapon)
rCold   . . .      Faith    .   (no shield)
rNeg    + . .      Spirit   .   a - +0 robe
rPois   .          Reflect  .   (no helmet)
rElec   .          Harm     .   g - +0 cloak
rCorr   .          Rampage  .   t - +0 pair of gloves
Will    .....                   (no boots)
Stlth   +++.......              d - amulet of the acrobat
HPRegen 0.12/turn               r - ring of positive energy
MPRegen 0.15/turn               (no ring)

@: attractive
A: no striking features
a: no special abilities


You were on level 5 of the Dungeon.
You visited 1 branch of the dungeon, and saw 5 of its levels.
You also visited: Sewer.

You collected 177 gold pieces.

Inventory:

Armour
 a - a +0 robe (worn)
 g - a +0 cloak (worn)
 t - a +0 pair of gloves (worn)
Jewellery
 d - an amulet of the acrobat (around neck)
 r - a ring of positive energy (left hand)
Wands
 k - a wand of light (4)
Scrolls
 f - a scroll of teleportation
 h - a scroll of identify
 o - 2 scrolls of enchant weapon
Potions
 b - 3 potions of magic
 c - a potion of resistance {unknown}
 e - a potion of experience
 i - 3 potions of mutation
 j - 3 potions of curing
 l - a potion of lignification
 n - a potion of cancellation {unknown}
 p - a potion of haste
 q - 2 potions of heal wounds {unknown}
 u - a potion of invisibility {unknown}


   Skills:
 + Level 5.0 Dodging
 + Level 5.4 Stealth
 + Level 5.7 Spellcasting
 + Level 4.1 Conjurations
 + Level 4.7 Air Magic


You had 16 spell levels left.
You knew the following spells:

 Your Spells              Type           Power      Damage    Failure   Level
a - Shock                 Conj/Air       100%       1d9       1%          1

Your spell library contained the following spells:

 Spells                   Type           Power      Damage    Failure   Level
 Static Discharge         Conj/Air       26%        3-7/arc   2%          2
 Swiftness                Air            27%        N/A       4%          3
 Poisonous Vapours        Pois/Air       32%        N/A       5%          2
 Apportation              Tloc           12%        N/A       10%         1
 Beastly Appendage        Tmut           12%        N/A       10%         1
 Sting                    Tmut/Pois      24%        1d4       10%         1
 Airstrike                Air            13%        0-5+      13%         4
 Wereblood                Tmut           6%         N/A       14%         2
 Portal Projectile        Hex/Tloc       12%        N/A       28%         3
 Spider Form              Tmut/Pois      6%         N/A       28%         3
 Tukima's Dance           Hex            6%         N/A       28%         3
 Olgreb's Toxic Radiance  Pois           6%         N/A       67%         4
 Alistair's Intoxication  Tmut/Pois      4%         N/A       95%         5
 Blade Hands              Tmut           3%         N/A       95%         5


Dungeon Overview and Level Annotations

Branches:
Dungeon (5/15)              Sewer (visited)
 Temple: D:4-7

Altars:
Elyvilon

Shops:
D:2 :

Annotations:
D:5 Blork the orc


Message History

Blork the orc is heavily wounded.
Blork the orc shouts repeatedly.
Blork the orc drinks a potion.
Blork the orc is healed!
Blork the orc is attracted toward you.
Aiming: Shock (safe; 1% risk of failure)
Press: ? - help, Q - select action, (/) - cycle Shift-Dir - straight line, p - Blork the orc The zap hits Blork the orc but does no damage.
Blork the orc is moderately wounded.
Blork the orc looks satisfied for a moment.
Okay, then.
As you read the scroll of summoning, it crumbles to dust.
Wisps of shadow whirl around you... Blork the orc misses you.
Blork the orc attacks as you move away!
Blork the orc hits you with a +3 trident of protection!
Blork the orc hits you from afar with a +3 trident of protection!
Blork the orc is attracted toward you. Blork the orc misses you.
Your adder barely misses Blork the orc.
Your adder bites Blork the orc.
Blork the orc is poisoned.
Your adder poisons Blork the orc!
Blork the orc hits your iguana with a +3 trident of protection!
Your iguana barely misses Blork the orc.
Blork the orc is attracted toward you. Blork the orc completely misses you.
Your adder bites Blork the orc but does no damage.
Your iguana bites Blork the orc!
Blork the orc is attracted toward you.
Aiming: Shock (safe; 1% risk of failure)
Press: ? - help, Q - select action, (/) - cycle Shift-Dir - straight line, f - Blork the orc
Aim: Blork the orc, wielding a +3 trident of protection and wearing a +0 robe (severely wounded, very poisoned, ally target, 77% to hit)
The zap hits Blork the orc.
Blork the orc is severely wounded.
Blork the orc hits you with a +3 trident of protection!
* * * LOW HITPOINT WARNING * * *
Aiming: Shock (safe; 1% risk of failure)
Press: ? - help, Q - select action, (/) - cycle Shift-Dir - straight line, f/p - Blork the orc
Aim: Blork the orc, wielding a +3 trident of protection and wearing a +0 robe (severely wounded, very poisoned, ally target, 77% to hit)
The zap misses Blork the orc.
Your adder bites Blork the orc but does no damage.
Blork the orc gestures at you while chanting.
The puff of flame hits you!
You die...

**.,#####.....#.......,,,,,,,,,,,
,*,,,,*#................,,,,,,,,*
,,,..**##...÷...........,,,,,,,**
,,,#.* ##.......>.......,,,,,,,,*
***#.* #................*,,,,*,,,
,###.###..##..........*,,,,,,,,,,
.#....#..###.........**.,*,,,,,,,
.....#.÷.##.......#.##..,*,,**,,,
#,#.....#.##....@###....,,*,,,,,,
..#...≈≈###.##..o.......,***,,,,,
....≈≈≈≈#...###Sl.......,,,,,,,,,
....≈≈≈≈#...............,*,*,***,
..#≈≈≈≈.#..##...........,******,,
..#######.##..#.....##..,,*****,,
,,****,...#.....)....#*#,,,**,*,,
,,,,,,........#)#..###****,,,,,,,
,,,,..#.#.......#)## **,,,,,,,,**


You could see Blork the orc (very poisoned, ally target), a friendly iguana
(summoned) and a friendly adder (summoned).

Vanquished Creatures
  Pargi (Sewer)
  2 ogres (D:4)
  A phantom (D:3)
  2 necrophages
  A hound (D:5)
  An orc priest (D:3)
  Terence (D:2)
  11 adders
  A river rat (D:5)
  2 white imps
  3 worms
  A dart slug (D:2)
  9 orcs
  9 ball pythons
  8 bats
  8 endoplasms
  4 goblins
  8 hobgoblins
  6 jackals (D:1)
  A quokka (D:1)
  5 frilled lizards
  10 kobolds
  10 rats
105 creatures vanquished.

Notes
Turn   | Place    | Note
-------+----------+-------------------------------------------
     0 | D:1      | 27snakeeyes612 the Deep Elf Air Elementalist began the
                  | quest for the Orb.
     0 | D:1      | Reached XP level 1. HP: 10/10 MP: 6/6
   172 | D:1      | Reached XP level 2. HP: 15/15 MP: 1/8
  1090 | D:2      | Reached XP level 3. HP: 19/19 MP: 7/9
  1132 | D:2      | Found Guutoek's Book Shoppe.
  1753 | D:2      | Noticed Terence
  1768 | D:2      | Killed Terence
  1769 | D:2      | Reached XP level 4. HP: 22/24 MP: 2/11
  1921 | D:2      | Found a faded altar of an unknown god.
  2374 | D:3      | Noticed a necrophage
  2381 | D:3      | Killed a necrophage
  2382 | D:3      | Reached XP level 5. HP: 28/28 MP: 4/13
  2923 | D:3      | Noticed a phantom
  2937 | D:3      | Killed a phantom
  2938 | D:3      | Reached XP level 6. HP: 32/32 MP: 6/14
  4211 | D:4      | Found a white marble altar of Elyvilon.
  4581 | D:4      | Reached skill level 5 in Spellcasting
  4814 | D:4      | Reached skill level 5 in Stealth
  4814 | D:4      | Reached XP level 7. HP: 26/36 MP: 11/16
  5039 | D:5      | Entered Level 5 of the Dungeon
  5086 | D:5      | Found a glowing drain.
  5124 | Sewer    | Entered a sewer
  5198 | Sewer    | Noticed Pargi
  5203 | Sewer    | Killed Pargi
  5204 | Sewer    | Reached skill level 5 in Dodging
  5597 | D:5      | Noticed Blork the orc
  5609 | D:5      | Killed from afar by Blork the orc

Illustrated notes

Levels and vault maps discovered:
D:1:      dpeg_arrival_arbitrary_a, layout_loops_ring
D:2:      layout_basic, serial_shops, nicolae_shop_hallway_plus,
          chequers_ecumenical_altar_island, fountainhead, uniq_terence
D:3:      layout_loops_cross, st_stairs_7
D:4:      layout_layer_cave, elyvilon_altar_1, chequers_serial_rivers_room_b,
          kennysheep_generic_room_7
D:5:      layout_cave_pools, gammafunk_temple_overflow_wave,
          portal_sewer_entry_b, uniq_blork_the_orc

Skill      XL: |  1  2  3  4  5  6  7 |
---------------+----------------------+-----
Stealth        | 3 4 5 |  5.4
Dodging        | 3 4 5 |  5.0
Conjurations   | 2 3 4 |  4.1
Spellcasting   | 4 5 |  5.7
Air Magic      | 4 |  4.7

Action                   |  1- 3 |  4- 6 |  7- 9 || total
-------------------------+-------+-------+-------++-------
 Cast: Shock             |    88 |   132 |    61 ||   281
  Use: Scroll            |       |       |    12 ||    12
       Potion            |       |       |     1 ||     1
Armor: Robe              |     6 |     4 |     8 ||    18
Dodge: Dodged            |    18 |    24 |    15 ||    57

Table legend: (Time is in decaauts)
 A = Elapsed time spent in this place.
 B = Non-inter-level travel time spent in this place.
 C = Inter-level travel time spent in this place.
 D = Time resting spent in this place.
 E = Time spent auto-exploring this place.
 F = Levels seen in this place.
 G = Mean time per level.
                   A        B        C        D        E       F      G
               +--------+--------+--------+--------+--------+-----+--------+
         Total |   5615 |   5487 |    128 |     29 |   4860 |   6 |  935.8 |
       Dungeon |   5221 |   5093 |    128 |     29 |   4502 |   5 | 1044.2 |
         Sewer |    394 |    394 |      0 |      0 |    358 |   1 |  394.0 |
               +--------+--------+--------+--------+--------+-----+--------+

Top non-repeatable levels by time:
     D:4: 1411 daAuts
     D:3: 1334 daAuts
     D:2: 1273 daAuts
     D:1: 1025 daAuts
   Sewer: 394 daAuts
     D:5: 177 daAuts
